 Dungeon Crawl Stone Soup version 0.28.0-1-gb440e238dd (webtiles) character file.

Game seed: 9261747649990464905

4 Edwards80 the Grasshopper (level 1, 0/17 HPs)
             Began as a Draconian Warper on Feb 22, 2022.
             Slain by a hobgoblin (4 damage)
             ... on level 1 of the Dungeon.
             The game lasted 00:00:35 (78 turns).

Edwards80 the Grasshopper (Draconian Warper)          Turns: 78, Time: 00:00:36

Health: 0/17       AC:  4    Str: 13    XL:     1   Next: 50%
Magic:  3/3        EV: 12    Int: 13    God:
Gold:   12         SH:  0    Dex: 10    Spells: 4/4 levels left

rFire   . . .      SeeInvis .   a - +0 short sword
rCold   . . .      Faith    .   (no shield)
rNeg    . . .      Spirit   .   (armour unavailable)
rPois   .          Reflect  .   (helmet restricted)
rElec   .          Harm     .   (no cloak)
rCorr   .          Rampage  .   (no gloves)
Will    .....                   (no boots)
Stlth   +.........              (no amulet)
HPRegen 0.05/turn               (no ring)
MPRegen 0.08/turn               (no ring)

@: no status effects
A: AC +4, unfitting armour, cold-blooded
a: no special abilities


You were on level 1 of the Dungeon.
You visited 1 branch of the dungeon, and saw 1 of its levels.

You collected 12 gold pieces.

Inventory:

Hand Weapons
 a - a +0 short sword (weapon)
Missiles
 c - 5 boomerangs of dispersal (quivered)
Scrolls
 b - a scroll of blinking


   Skills:
 - Level 2.1 Fighting
 + Level 2.2 Short Blades
 - Level 0.8 Throwing
 - Level 2.1 Dodging
 - Level 2.0 Spellcasting
 + Level 3.1 Translocations


You had 4 spell levels left.
You didn't know any spells.
Your spell library contained the following spells:

 Spells                   Type           Power      Damage    Failure   Level
 Blink                    Tloc           18%        N/A       11%         2
 Gell's Gravitas          Tloc           9%         N/A       22%         3
 Lesser Beckoning         Tloc           9%         N/A       22%         3
 Teleport Other           Tloc           9%         N/A       22%         3
 Manifold Assault         Tloc           9%         N/A       89%         5


Dungeon Overview and Level Annotations

Branches:
Dungeon (1/15)

Altars:


Innate Abilities, Weirdness & Mutations

Your plain brown scales are hard. (AC +4)
You cannot fit into any form of body armour.
You are cold-blooded and may be slowed by cold attacks.


Message History

The hobgoblin hits you but does no damage.
You hit the giant cockroach.
You kill the giant cockroach!
The bat barely misses you.
The hobgoblin misses you. x2; The bat hits you.
* * * LOW HITPOINT WARNING * * *
The hobgoblin hits you but does no damage.
The bat hits you but does no damage. The bat misses you.
The bat barely misses you. The bat hits you but does no damage. x2
The bat closely misses you.
Okay, then.
The bat barely misses you. The bat hits you.
* * * LOW HITPOINT WARNING * * *
The bat hits you but does no damage. The bat closely misses you.
The bat hits you.
* * * LOW HITPOINT WARNING * * *
The bat barely misses you. The bat hits you but does no damage.
The bat hits you but does no damage. The bat hits you but does no damage.
The bat closely misses you. The bat hits you but does no damage.
The bat misses you. The bat hits you but does no damage.
The bat completely misses you.
You hit the bat.
You kill the bat!
The hobgoblin barely misses you.
A ball python comes into view.
The ball python hisses angrily.
A bat comes into view.
You closely miss the hobgoblin. You hit the hobgoblin.
You punch the hobgoblin, but do no damage.
The hobgoblin is almost dead.
The hobgoblin misses you.
The hobgoblin hits you but does no damage.
The bat closely misses you. The bat hits you but does no damage.
The hobgoblin hits you.
You die...

..................#
..#..#...#..#..#..#
................#
................#
#..#...#..#..#..
................
........g.......
#..#...#gb#..#..
.......@........
........S.......
................
................
................
.###...###.###..
#... .# #. .... ..


You could see 2 hobgoblins, a bat and a ball python.

Vanquished Creatures
  A bat (D:1)
  A giant cockroach (D:1)
  A goblin (D:1)
3 creatures vanquished.

Notes
Turn   | Place    | Note
-------+----------+-------------------------------------------
     0 | D:1      | Edwards80 the Draconian Warper began the quest for the Orb.
     0 | D:1      | Reached XP level 1. HP: 17/17 MP: 3/3
    78 | D:1      | Slain by a hobgoblin

Illustrated notes

Levels and vault maps discovered:
D:1:      co_arrival_hall_of_pillars, layout_loops_ring

Action                   || total
-------------------------++-------
Melee: Short sword       ||    22
       Tailslap          ||     1
       Punch             ||     1
Armor: Skin              ||    29
Dodge: Dodged            ||    42
